AoeStats
← neri23

Arena

507814702Analyzed
1v1 RM · 13d ago on Sep 19, 2026· 25m 0s· 2 players
Game mode
Random Map
Map size
Tiny (2 player)
Population
200
Speed
Normal
Resources
Standard
Victory
Conquest
Starting age
Dark Age
Ending age
Imperial Age
RankedLock teamsTeams togetherTeam positionsShared explorationLock speedFull tech treeHidden civsTurbo modeCheats
Victory
Defeat
🇩🇪 Turks · Germany
1015
+15
🇲🇽 Armenians · Mexico
998
-42
neri23
9:48 Feudal Age
8:06 Loom
10:15 Double-Bit Axe
10:17 Horse Collar
11:06 Man-at-Arms
13:33 Man-at-Arms
14:56 Long Swordsman
24:46 Castle Age
Rackl Peter
12:24 Feudal Age
13:55 Double-Bit Axe
16:34 Castle Age
14:20 Double-Bit Axe
14:37 Gold Mining
21:37 Imperial Age
Connection lost

Rejoining the realm…

Still unreachable

The connection could not be restored.

Session expired

The server has moved on; the page needs a fresh start.